Map: Lost and Found LE

Players

JonSnow

  • Race: Zerg Zerg
  • Spawn Location: 1:00

Has - Winner!

  • Race: Protoss Protoss
  • Spawn Location: 7:00

Event: WCS Montreal 2018

VOD

Have the link to the VOD?

Description

Time

  • Played on: Sept. 7, 2018, 8:02 p.m.
  • Length: 4:49

All games in this series

Show
View Real Time Build Order
Export as new Build Order

JonSnow Zerg 

Build Orders: Hatch First 

Get SALT Encoding   

  12  0:00  Drone  
  13  0:13  Overlord  
  13  0:18  Drone  
  14  0:32  Drone x2  
  16  0:50  Hatchery  
  16  0:52  Drone  
  16  0:55  Drone  
  17  0:59  Drone  
  18  1:09  Extractor  
  17  1:15  Spawning Pool  
  17  1:17  Drone  
  17  1:21  Drone  
  18  1:30  Drone  
  19  1:46  Hatchery  
  18  1:49  Drone  
  20  2:06  Roach Warren  
  19  2:10  Hatchery  
  19  2:14  Queen  
  20  2:24  Metabolic Boost  
  20  2:25  Zergling x2  
  20  2:29  Drone  
  22  2:35  Overlord  
  22  2:55  Roach x2  
  26  2:59  Roach  
  26  3:01  Queen  
  26  3:04  Drone  
  31  3:11  Zergling x2  
  32  3:15  Ravager  
  32  3:16  Overlord  
  33  3:23  Zergling x2  
  33  3:25  Zergling x2  
  35  3:33  Queen  
  34  3:39  Ravager  
  32  3:42  Roach x2  
  32  3:44  Zergling x2  
  32  3:48  Zergling x2  
  37  3:52  Zergling x2  
  34  3:57  Zergling x2  
  29  4:12  Zergling x2  
  28  4:18  Zergling x4  
Show
View Real Time Build Order
Export as new Build Order

Has Protoss - Winner!

Build Orders: Cannon Rush 

Get SALT Encoding   

  12  0:00  Probe  
  13  0:12  Probe  
  14  0:19  Pylon  
  14  0:24  Probe  
  15  0:33  Probe  
  15  0:37  Gateway  
  15  0:41  Probe  
  17  0:50  Assimilator  
  17  0:51  Probe  
  18  0:59  Probe  
  19  1:14  Forge  
  19  1:31  Probe  
  20  1:35  Pylon  
  20  1:43  Probe  
  21  1:48  Cybernetics Core  
  21  1:53  Photon Cannon  
  21  1:54  Photon Cannon  
  21  1:56  Photon Cannon  
  22  2:02  Assimilator  
  22  2:11  Assimilator  
  21  2:15  Pylon  
  21  2:20  Stalker  
  21  2:24  Robotics Facility  
  23  2:38  Shield Battery  
  23  2:50  Stalker  
  25  2:53  Shield Battery  
  25  3:01  Immortal  
  29  3:17  Pylon  
  29  3:24  Shield Battery  
  29  3:37  Pylon  
  29  3:48  Immortal  
  32  4:15  Photon Cannon  
  32  4:20  Shield Battery  
  32  4:26  Pylon  
  32  4:29  Pylon  
  32  4:34  Gateway  
Tags
 
Add a new tag
Caveats
  • Supply blocks, unpowered buildings, or Contaminate may cause inaccurate times.
  • Supply counts are checked every 10 seconds.